 Dungeon Crawl Stone Soup version 0.15.2 (webtiles) character file.

1162 HiobMontag the Digger (level 8, -10/42 HPs)
             Began as a Gargoyle Earth Elementalist on Sept 27, 2014.
             Mangled by a hill giant
             ... wielding a +0 giant club
              (33 damage)
             ... on Level 6 of the Dungeon on Dec 8, 2014.
             The game lasted 01:13:40 (8393 turns).

HiobMontag the Digger (Gargoyle Earth Elementalist) Turns: 8393, Time: 01:13:40

HP -10/42        AC 14     Str  6 (9)  XL: 8   Next: 40%
MP   3/20        EV 12     Int 17      God:
Gold 199         SH  0     Dex  9      Spells:  5 memorised,  4 levels left

rFire  . . .     SeeInvis .     a - staff of wizardry
rCold  . . .     Clarity  .     c - +0 robe
rNeg   + . .     rCorr    .     (no shield)
rPois  +         rRot     +     (no helmet)
rElec  +         Spirit   .     h - +0 cloak
SustAb .         Warding  .     (no gloves)
rMut   .         Stasis   .     l - +1 pair of boots
Gourm  .                        (no amulet)
MR     +....                    (no ring)
                                f - ring of protection from magic

@: very slightly contaminated, somewhat resistant to hostile enchantments,
unstealthy
A: rough black scales 1, negative energy resistance 1, electricity resistance,
weak 2, unbreathing, petrification resistance, rot immunity, AC +5
a: no special abilities


You were on level 6 of the Dungeon.
You were not hungry.

You visited 1 branch of the dungeon, and saw 6 of its levels.

You collected 199 gold pieces.

Inventory:

Hand weapons
 b - the +2 hunting sling "Gahusm" {venom, rF++ rC+}
   (You took it off a goblin on level 5 of the Dungeon)

   It poisons the ammo it fires.
   It greatly protects you from fire.
   It protects you from cold.
 m - a +1 blowgun
 o - a +0 flail
 v - a +2 whip of electrocution
 w - a +2 mace of crushing
Missiles
 p - 33 poisoned needles
 s - 2 curare-tipped needles
 B - 198 stones (quivered)
Armour
 c - a +0 robe (worn)
 h - a +0 cloak (worn)
 l - a +1 pair of boots (worn)
Magical devices
 I - a wand of fireball (4)
Comestibles
 i - 2 meat rations
 A - 3 fruits
 D - a royal jelly
 F - 5 bread rations
Scrolls
 e - a scroll of random uselessness
 j - 3 scrolls of enchant weapon
 n - 2 scrolls of remove curse
 q - a scroll of magic mapping
 t - 2 scrolls of teleportation
 C - a scroll of fog
Jewellery
 f - a ring of protection from magic (left hand)
 y - an uncursed ring of protection from cold {unknown}
Potions
 g - a potion of agility
 z - 2 potions of brilliance
 E - a potion of poison
Books
 d - a book of Geomancy

   Spells                             Type                      Level
   *Sandblast                         Earth                        1
   *Stoneskin                         Transmutation/Earth          2
   *Passwall                          Transmutation/Earth          3
   *Stone Arrow                       Conjuration/Earth            3
   *Petrify                           Transmutation/Earth          4
   Lee's Rapid Deconstruction         Earth                        5
 k - a book of Necromancy

   Spells                             Type                      Level
   Pain                               Necromancy                   1
   Animate Skeleton                   Necromancy                   1
   Vampiric Draining                  Necromancy                   3
   Regeneration                       Charms/Necromancy            3
   Animate Dead                       Necromancy                   4
   Control Undead                     Necromancy                   4
Magical staves
 a - an uncursed staff of wizardry (weapon)


   Skills:
 + Level 0.4 Fighting
 + Level 1.3 Maces & Flails
 + Level 1.1 Throwing
 + Level 3.0 Dodging
 + Level 2.8 Stealth
 + Level 5.3 Spellcasting
 + Level 2.2 Conjurations
 + Level 2.0 Transmutations
 + Level 7.8 Earth Magic


You had 4 spell levels left.
You knew the following spells:

 Your Spells              Type           Power        Failure   Level  Hunger
a - Sandblast             Erth           ####..       1%          1    None
b - Stoneskin             Trmt/Erth      ###.....     1%          2    #......
c - Stone Arrow           Conj/Erth      ###...       3%          3    ###....
d - Passwall              Trmt/Erth      ###.......   3%          3    ###....
e - Petrify               Trmt/Erth      ###.....     9%          4    ####...


Dungeon Overview and Level Annotations

Branches:
Dungeon (6/15)
 Temple: D:4-7

Altars:
Dithmenos
Yredelemnul


Innate Abilities, Weirdness & Mutations

You are resistant to torment.
You are immune to poison.
Your stone body is very resilient (AC +5).
You resist negative energy.
You are resistant to electric shocks.
You can survive without breathing.
You are immune to petrification.
You are immune to rotting.
You are partially covered in rough black scales (AC +4, Dex -1).
You are very weak. (Str -4)


Message History

The hill giant looks more healthy.
Casting: Petrify
Confirm with . or Enter, or press ? or * to list all spells.
Aiming: Petrify
Press: ? - help, Shift-Dir - straight line, f/p - hill giant
Aim: a hill giant, wielding a giant club (lightly wounded)
You miscast Petrify.
You smell something strange.
The hill giant barely misses you.
Casting: Petrify
Confirm with . or Enter, or press ? or * to list all spells.
You don't have enough magic to cast that spell.
Casting: Petrify
Confirm with . or Enter, or press ? or * to list all spells.
Aiming: Petrify
Press: ? - help, Shift-Dir - straight line, f/p - hill giant
Aim: a hill giant, wielding a giant club (lightly wounded)
You miscast Petrify.
Nothing appears to happen.
The hill giant hits you with a giant club!!
Ouch! That really hurt!
You die...

##...# #####.<.##..#
#...## ######..# ##...#
##.## #...## ##..# #...#
#...# ....# ##...## ...##
####.....# ...#
##........# ..##
####C@.......# ..#
####.............# .##
####..............#..#
.#####....###.........###.
.##....#### ##........#
....#### ###......# ..###
##....## ### ######


You could see a hill giant.

Vanquished Creatures
  A sky beast (D:5)
  2 ogres
  2 giant frogs
  4 scorpions
  A hippogriff skeleton (D:5)
  A hound (D:4)
  An iguana (D:5)
  4 worker ants (D:4)
  2 orc wizards (D:4)
  2 ogre skeletons
  14 adders
  4 worms
  An iguana skeleton (D:4)
  A giant gecko (D:1)
  5 oozes
  11 orcs
  A ball python (D:3)
  4 giant cockroaches
  10 hobgoblins
  24 jackals
  10 kobolds
  10 bats
  3 giant newts
  14 goblins
  A hobgoblin skeleton (D:6)
  11 rats
144 creatures vanquished.

Notes
Turn   | Place    | Note
--------------------------------------------------------------
     0 | D:1      | HiobMontag, the Gargoyle Earth Elementalist, began the quest for the Orb.
     0 | D:1      | Reached XP level 1. HP: 10/10 MP: 3/3
   214 | D:1      | Reached XP level 2. HP: 15/15 MP: 0/4
   286 | D:1      | Upgraded the game from 0.15.1-1-gfacfea3 to 0.15.1-2-g8fbdab7
   307 | D:1      | Reached skill level 4 in Earth Magic
   315 | D:1      | Learned a level 2 spell: Stoneskin
   933 | D:1      | Reached XP level 3. HP: 19/19 MP: 1/6
  2113 | D:2      | Reached XP level 4. HP: 22/24 MP: 0/8
  2560 | D:2      | Reached skill level 1 in Throwing
  2565 | D:2      | Learned a level 3 spell: Stone Arrow
  2799 | D:2      | Reached skill level 5 in Earth Magic
  3043 | D:2      | Upgraded the game from 0.15.1-2-g8fbdab7 to 0.15.1-3-g1b33baa
  3043 | D:2      | Upgraded the game from 0.15.1-3-g1b33baa to 0.15.2
  3261 | D:3      | Reached XP level 5. HP: 25/28 MP: 0/10
  3683 | D:3      | Reached skill level 1 in Transmutations
  3751 | D:3      | Noticed a giant frog
  3769 | D:3      | Killed a giant frog
  4013 | D:3      | Learned a level 3 spell: Passwall
  4020 | D:3      | Reached XP level 6. HP: 32/32 MP: 9/13
  4810 | D:3      | Found a basalt altar of Yredelemnul.
  5366 | D:4      | Reached skill level 1 in Conjurations
  5366 | D:4      | Reached skill level 6 in Earth Magic
  5578 | D:4      | Found a shadowy altar of Dithmenos.
  5740 | D:4      | Reached XP level 7. HP: 29/36 MP: 1/17
  6188 | D:4      | Reached skill level 1 in Maces & Flails
  6612 | D:4      | Learned a level 4 spell: Petrify
  6815 | D:5      | Entered Level 5 of the Dungeon
  6873 | D:5      | Reached skill level 7 in Earth Magic
  7029 | D:5      | Reached XP level 8. HP: 42/42 MP: 9/19
  7369 | D:5      | Got a crude long sword
  7369 | D:5      | Got a warped hunting sling
  7371 | D:5      | Identified the cursed +2 hunting sling "Gahusm" {venom, rF++ rC+} (You took it off a goblin on level 5 of the Dungeon)
  7565 | D:5      | Reached skill level 5 in Spellcasting
  8268 | D:6      | Gained mutation: You are weak. (Str -2) [potion of mutation]
  8268 | D:6      | Gained mutation: You are partially covered in rough black scales (AC +4, Dex -1). [potion of mutation]
  8268 | D:6      | Gained mutation: You are very weak. (Str -4) [potion of mutation]
  8335 | D:6      | Noticed a hill giant
  8393 | D:6      | Mangled by a hill giant

Action                   |  1- 3 |  4- 6 |  7- 9 || total
-------------------------+-------+-------+-------++-------
Melee: Club              |    19 |       |       ||    19
       Unarmed           |     1 |       |       ||     1
       Flail             |     4 |    71 |       ||    75
       Mace              |       |    25 |    16 ||    41
       Staff             |       |       |     6 ||     6
 Fire: Hunting sling     |       |       |     1 ||     1
Throw: Stone             |    44 |    13 |    12 ||    69
 Cast: Sandblast         |    87 |    89 |    84 ||   260
       Stoneskin         |     6 |    16 |     9 ||    31
       Stone Arrow       |       |    38 |    40 ||    78
       Passwall          |       |       |     2 ||     2
       Petrify           |       |       |     8 ||     8
  Use: Scroll            |       |     9 |     9 ||    18
       Potion            |       |     2 |     7 ||     9
  Eat: Chunk             |     4 |    13 |    10 ||    27
       Meat ration       |       |     1 |     1 ||     2
       Pizza             |       |       |     1 ||     1
